 Dungeon Crawl Stone Soup version 0.31-a0-986-g5e6e4ef867 (webtiles) character file.

Game seed: 4106842950984182185

184 Maxmaps the Covert (level 5, 0/36 HPs)
             Began as an Octopode Delver on Nov 8, 2023.
             Slain by a gnoll bouda
             ... wielding a +0 whip
              (11 damage)
             ... on level 3 of the Dungeon.
             The game lasted 00:04:08 (3002 turns).

Maxmaps the Covert (Octopode Delver)                Turns: 3002, Time: 00:04:09

Health: 0/36       AC:  1    Str: 11    XL:     5   Next: 63%
Magic:  5/5        EV: 13    Int: 15    God:
Gold:   150        SH:  0    Dex: 13    Spells: 4/4 levels left

rFire   . . .        l - +0 dagger (venom)
rCold   . . .        (no shield)
rNeg    . . .        (helmet restricted)
rPois   .            (no amulet)
rElec   .            (no ring)
rCorr   .            (no ring)
SInv    .            (no ring)
Will    .....        (no ring)
Stlth   +++++        (no ring)
HPRegen 0.26/turn    (no ring)
MPRegen 0.09/turn    (no ring)
                     (no ring)

%: no passive effects
@: weakened
A: almost no armour, amphibious, 8 rings, camouflage 1, gelatinous body 1,
(nimble swimmer 1), tentacles
a: no special abilities


You were on level 3 of the Dungeon.
You visited 1 branch of the dungeon, and saw 5 of its levels.

You collected 150 gold pieces.

Inventory:

Hand Weapons
 l - a +0 dagger of venom (weapon)
Talismans
 p - a flux talisman
Wands
 e - a wand of digging (3)
 q - a wand of iceblast (7)
Scrolls
 a - 2 scrolls of fog
 b - a scroll of revelation
 c - a scroll of fear
 i - a scroll of blinking {unknown}
 k - 2 scrolls of identify {unknown}
 m - a scroll of teleportation {unknown}
 n - 2 scrolls of torment {unknown}
 o - a scroll of noise {unknown}
Potions
 d - 4 potions of haste
 f - a potion of curing {unknown}
 g - a potion of berserk rage {unknown}
 h - a potion of cancellation {unknown}
 j - a potion of heal wounds


   Skills:
 - Level 3.0 Fighting
 + Level 2.9 Short Blades
 - Level 2.0 Dodging
 - Level 9.1 Stealth
 - Level 2.0 Unarmed Combat


You had 4 spell levels left.
You didn't know any spells.
Your spell library contained the following spells:

 Spells                   Type           Power      Damage    Failure   Level
 Sublimation of Blood     Necr           0%         N/A       38%         2
 Stone Arrow              Conj/Erth      0%         3d7       63%         3
 Petrify                  Tmut/Erth      0%         N/A       95%         4
 Irradiate                Conj/Tmut      0%         3d11      100%        5
 Lehudib's Crystal Spear  Conj/Erth      0%         10d2      100%        8
 Animate Armour           Summ/Erth      Unusable   N/A       N/A         4

Dungeon Overview and Level Annotations

Branches:
Dungeon (5/15)
 Temple: D:4-7

Altars:
Cheibriados
Sif Muna


Innate Abilities, Weirdness & Mutations

You cannot wear most types of armour.
You are amphibious.
You can wear up to eight rings at the same time.
Your skin changes colour to match your surroundings (Stealth+).
Your rubbery body absorbs attacks. (AC +1, EV +1)
((You are camouflaged when in or above water. (Stealth+)))
You have tentacles for arms and can constrict up to eight enemies at once.


Message History

You constrict the gnoll. The gnoll hits you with a +0 club.
* * * LOW HITPOINT WARNING * * *
The gnoll bouda misses you.
It was a potion of heal wounds.
You feel much better.
You constrict the gnoll bouda, but do no damage.
You constrict the gnoll. The gnoll barely misses you.
The gnoll bouda calls upon its god to heal the gnoll.
The gnoll is healed somewhat.
You hit the gnoll bouda but do no damage.
The gnoll bouda is poisoned.
The gnoll bouda is lightly wounded.
You constrict the gnoll bouda. You constrict the gnoll. The gnoll misses you.
You hit the gnoll bouda but do no damage.
The gnoll bouda is moderately wounded.
You constrict the gnoll bouda. You constrict the gnoll.
The gnoll bouda gazes fiercely through you!
You feel as though you will be weak longer.
The gnoll bouda misses you. The gnoll hits you with a +0 club.
You hit the gnoll bouda but do no damage.
The gnoll bouda looks as sick as possible!
You squeeze the gnoll bouda, but do no damage.
The gnoll bouda is moderately wounded.
You constrict the gnoll bouda. You constrict the gnoll.
You kill the gnoll!
The gnoll bouda barely misses you.
You hit the gnoll bouda but do no damage.
The gnoll bouda looks as sick as possible!
You squeeze the gnoll bouda.
The gnoll bouda is severely wounded.
You constrict the gnoll bouda, but do no damage.
The gnoll bouda hits you with a +0 whip.
* * * LOW HITPOINT WARNING * * *
You hit the gnoll bouda but do no damage.
The gnoll bouda looks as sick as possible!
You tentacle-slap the gnoll bouda, but do no damage.
Your squeeze misses the gnoll bouda.
The gnoll bouda is severely wounded.
You constrict the gnoll bouda.
The gnoll bouda hits you with a +0 whip!
You die...

##### ####################...#
#......................#########
##.###############..........#....
##.# ######..###.###.##.## .#.#
####..g@...###...#.##.# ...#
#.....)>#..##....#.##.# ...#
#.##.##......._.......# ...#
##.##.##.##.#....##..###
.#.######...#.##[##.#...###..#
##.#........>.##.##.###.###..####
##.#.####...####.##..........##..
.........#.## #.######......##.#
##.#..#..#.# #.####...#######.#


You could see a gnoll bouda (extremely poisoned).

Vanquished Creatures
  Jessica (D:2)
  An iguana (D:4)
  2 gnolls
  5 adders
  2 worms
  3 dart slugs
  6 ball pythons
  2 endoplasms (D:1)
  2 giant cockroaches (D:3)
  6 goblins
  4 hobgoblins
  7 jackals
  4 kobolds (D:2)
  4 quokkas
  5 bats
  A frilled lizard (D:1)
55 creatures vanquished.

Notes
Turn   | Place    | Note
-------+----------+-------------------------------------------
     0 | D:5      | Maxmaps the Octopode Delver began the quest for the Orb.
     0 | D:5      | Reached XP level 1. HP: 16/16 MP: 1/1
    11 | D:5      | Noticed a centaur
    13 | D:5      | Noticed an iguana
    15 | D:4      | Noticed an iguana
    20 | D:4      | Noticed an iguana
    23 | D:4      | Found a shimmering blue altar of Sif Muna.
   104 | D:2      | Reached skill level 7 in Stealth
   117 | D:2      | Reached XP level 2. HP: 13/21 MP: 2/2
   199 | D:2      | Noticed Jessica
   201 | D:2      | Reached XP level 3. HP: 26/26 MP: 3/3
   216 | D:2      | Killed Jessica
   217 | D:2      | Reached skill level 8 in Stealth
   403 | D:1      | Reached XP level 4. HP: 28/31 MP: 4/4
  1398 | D:2      | Reached skill level 9 in Stealth
  2247 | D:3      | Reached skill level 1 in Short Blades
  2265 | D:3      | Found a faded altar of an unknown god.
  2359 | D:3      | Found a snail-covered altar of Cheibriados.
  2429 | D:3      | Reached XP level 5. HP: 36/36 MP: 5/5
  3002 | D:3      | Slain by a gnoll bouda

Illustrated notes

Levels and vault maps discovered:
D:1:      eino_arrival_water_star, layout_loops_corners, kennysheep_flooded_box,
          corexii_corridor_pit, roderic_roman_lattice
D:2:      layout_basic, minmay_misc_feat_secret_circle, uniq_jessica
D:3:      layout_loops_ring, nicolae_overflow_crystal_walls,
          shapermc_ecumenical_altar_starsandcircs
D:4:      layout_cave_pods, mainiacjoe_overflow_alcove_1,
          nicolae_overflow_guarded_unrand_okawaru_victory, elyvilon_altar_4,
          serial_shops, nicolae_shop_just_a_little_nook, grunt_decor_cap
D:5:      layout_basic, tgw_trog, serial_shops, shop, uniq_menkaure

Skill      XL: |  1  2  3  4  5 |
---------------+----------------+-----
Stealth        | 7 8 9 |  9.1
Short Blades   | 1 2 |  2.9
Fighting       | |  3.0
Dodging        | |  2.0
Unarmed Combat | |  2.0

Action                     |  1- 3 |  4- 6 || total
---------------------------+-------+-------++-------
  Melee: Unarmed           |    34 |     9 ||    43
         Constrict         |    10 |    19 ||    29
         Tentacles         |     5 |    22 ||    27
         Punch             |     2 |     4 ||     6
         Dagger            |       |    66 ||    66
    Use: Potion            |       |     1 ||     1
   Stab: Sleeping          |     3 |    20 ||    23
         Distracted        |     1 |       ||     1
 Armour: Skin              |    18 |    23 ||    41
  Dodge: Dodged            |    22 |    41 ||    63

Table legend: (Time is in decaauts)
 A = Elapsed time spent in this place.
 B = Non-inter-level travel time spent in this place.
 C = Inter-level travel time spent in this place.
 D = Time resting spent in this place.
 E = Time spent auto-exploring this place.
 F = Levels seen in this place.
 G = Mean time per level.
                   A        B        C        D        E       F      G
               +--------+--------+--------+--------+--------+-----+--------+
         Total |   3001 |   2654 |    347 |     78 |   2168 |   5 |  600.2 |
       Dungeon |   3001 |   2654 |    347 |     78 |   2168 |   5 |  600.2 |
               +--------+--------+--------+--------+--------+-----+--------+

Top non-repeatable levels by time:
     D:2: 1203 daAuts
     D:1: 928 daAuts
     D:3: 821 daAuts
     D:4: 33 daAuts
     D:5: 15 daAuts
